 Dungeon Crawl Stone Soup version 0.31.0-4-g52a2dc7128 (webtiles) character file.

Game seed: 18428809835737212766

7384 stipulation the Brawler (level 11, -7/82 HPs)
             Began as a Ghoul Monk on Jan 21, 2024.
             Was a Priest of Wu Jian.
             Mangled by an orc knight
             ... wielding a +0 trident
              (8 damage)
             ... in a bailey.
             The game lasted 00:07:35 (10253 turns).

stipulation the Brawler (Ghoul Monk)               Turns: 10253, Time: 00:07:36

Health: -7/82      AC: 16    Str: 20    XL:     11   Next: 14%
Magic:  11/11      EV:  8    Int:  9    God:    Wu Jian [***...]
Gold:   391        SH:  0    Dex: 11    Spells: 10/10 levels left

rFire   . .          .
                       - Unarmed
rCold   + . .        c - orb {light}
rNeg    + + +        y - +0 chain mail
rPois   ∞            N - +1 hat {Stlth+}
rElec   .            (no cloak)
rCorr   .            r - +1 pair of gloves
SInv    .            (no boots)
Will    +....        (no amulet) Stlth
                     n - +4 ring of protection
HPRegen 0.00/turn    u - ring of willpower
MPRegen 0.12/turn

%: no passive effects
@: exhausted, inhibited regen, glowing
A: claws 1, cold resistance 1, negative energy resistance 3, inhibited
regeneration, torment resistance 2, devour on kill
a: Renounce Religion, Wall Jump, Serpent's Lash


You were in a bailey.
You worshipped Wu Jian.
Wu Jian was most pleased with you.
You visited 2 branches of the dungeon, and saw 11 of its levels.
You also visited: Bailey.

You collected 391 gold pieces.

Inventory:

Missiles
 A - 2 throwing nets (quivered)
Armour
 c - an orb of light (worn)
 r - a +1 pair of gloves (worn)
 y - a +0 chain mail (worn)
 N - a +1 hat of stealth (worn)
Jewellery
 i - a ring of protection from cold
 n - a +4 ring of protection (left hand)
 u - a ring of willpower (right hand)
 w - an amulet of magic regeneration
 F - a ring of willpower
 K - a ring of protection from cold
Wands
 t - a wand of roots (21)
 B - a wand of paralysis (13)
 I - a wand of quicksilver (8)
 L - a wand of flame (13)
Scrolls
 e - a scroll of fear
 f - a scroll of noise {unknown}
 g - 2 scrolls of vulnerability
 h - 3 scrolls of teleportation
 j - a scroll of enchant weapon {unknown}
 k - 5 scrolls of acquirement
 m - a scroll of torment {unknown}
 q - a scroll of revelation {unknown}
 v - 2 scrolls of fog
 z - a scroll of immolation
 D - 3 scrolls of enchant armour {unknown}
 J - a scroll of identify
 M - a scroll of amnesia {unknown}
Potions
 b - a potion of ambrosia
 d - a potion of heal wounds
 l - 2 potions of curing {unknown}
 o - a potion of might {unknown}
 p - a potion of berserk rage {unknown}
 x - a potion of degeneration {unknown}
 C - a potion of lignification {unknown}
 E - 2 potions of experience {unknown}
 G - 2 potions of haste {unknown}
 H - a potion of brilliance {unknown}


   Skills:
 - Level 3.2 Fighting
 + Level 2.7 Armour
 - Level 2.6 Dodging
 + Level 17.8 Unarmed Combat


You had 10 spell levels left.
You didn't know any spells.
Your spell library contained the following spells:

 Spells                   Type           Power      Damage    Failure   Level
 Magic Dart               Conj           0%         1d3       97%         1
 Blink                    Tloc           0%         N/A       99%         2
 Call Imp                 Summ           0%         N/A       99%         2
 Ensorcelled Hibernation  Hex/Ice        0%         N/A       99%         2
 Passwall                 Erth           0%         N/A       100%        3
 Swiftness                Air            0%         N/A       100%        3
 Volatile Blastmotes      Fire/Tloc      0%         2d10      100%        3
 Fulminant Prism          Conj/Alch      0%         3d5       100%        4
 Iskenderun's Mystic Bla  Conj/Tloc      0%         2d3       100%        4


Dungeon Overview and Level Annotations

Branches:
Dungeon (10/15)            Temple (1/1) D:4          Bailey (1/1)
   Lair: D:8-11         Orc: D:9-12

Altars:
Ashenzari
Cheibriados
Dithmenos
Fedhas
Gozag
Hepliaklqana
Kikubaaqudgha
Makhleb
Nemelex Xobeh
Okawaru
Qazlal
Ru
Sif Muna
Trog
Uskayaw
Vehumet
Wu Jian
Xom
Yredelemnul


Innate Abilities, Weirdness & Mutations

You are immune to poison.
You have sharp fingernails.
Your flesh is cold resistant. (rC+)
You are immune to negative energy. (rN+++)
You do not regenerate when monsters are visible.
You are immune to unholy pain and torment.
You thrive by killing the living.


Message History

You feel better.
An orc knight comes into view. It is wielding a +0 trident.
The orc warrior hits you with a +0 glaive!
* * * LOW HITPOINT WARNING * * *
Items here: ( ) [ †.
You feel much better. The orc knight barely misses you.
The orc warrior hits you but does no damage.
Things that are here:
a +0 halberd; a +0 scale mail
Things that are here:
a +0 trident; a +0 ring mail; an orc corpse You feel less exhausted.
You lunge at the orc knight.
You pummel the orc knight!!
The orc knight is moderately wounded.
The orc knight roars a battlecry!
The orc warrior goes into a battle-frenzy!
Your muscles tense, ready for explosive movement...
You spin and attack the orc knight, with incredible momentum.
You hit the orc knight but do no damage.
The orc knight is moderately wounded.
You spin and attack the orc knight repeatedly, with incredible momentum.
You punch the orc knight!
The orc knight is heavily wounded.
You punch the orc knight!
The orc knight is severely wounded.
Your supernatural speed expires.
You lunge at the orc warrior, in a flurry of attacks.
You hit the orc warrior.
The orc warrior is lightly wounded.
You hit the orc warrior.
The orc warrior is moderately wounded.
You spin and attack the orc knight repeatedly.
You hit the orc knight.
The orc knight is severely wounded.
You hit the orc knight.
The orc knight is severely wounded.
The orc warrior hits you with a +0 glaive!!
* * * LOW HITPOINT WARNING * * *
The orc knight hits you with a +0 trident!
You die...

########### ##.........##
##..~~~~~~~..## ##..~~.@o).~~..##
##########..~~○o###.)~~..########
#..........~~.○## ##..~).........
#.~~~~)))~~~..##.∩.##)))~~~~~~~~~
#.~..........##.....##).).......~
#.~.#############+###'#########.~
#.~.## §§o ##.~ #.~..## §§≈≈.
##..~ #.~~..## .o§§.≈§ ##..~~


You could see an orc knight and an orc warrior (strong).

Vanquished Creatures
  A deep elf zephyrmancer (D:9)
  2 orc knights (Bailey)
  A deep elf pyromancer (D:9)
  6 yaks (D:9)
  A wraith (D:9)
  2 wyverns
  5 steam dragons
  2 water moccasins
  2 black bears
  A sky beast (D:7)
  3 orc warriors
  A swamp drake (D:9)
  An ogre (D:6)
  An ice beast (D:6)
  A phantom (D:5)
  3 centaurs
  2 kobold brigands (D:9)
  5 bullfrogs
  A gnoll sergeant (D:5)
  A scorpion (D:6)
  6 killer bees (D:9)
  9 howler monkeys
  A crimson imp (D:9)
  2 bombardier beetles
  6 jellies
  3 orc priests
  A gnoll bouda (D:9)
  A hound (D:7)
  An iron imp (D:9)
  2 iguanas
  A scorpion zombie (D:3)
  14 orc wizards
  2 hound skeletons (D:3)
  7 gnolls
  A howler monkey skeleton (D:3)
  4 adders
  A white imp (D:9)
  2 ufetubi (D:5)
  3 ribbon worms
  54 orcs
  4 ball pythons
  5 bats
  5 endoplasms
  6 giant cockroaches
  14 goblins
  4 hobgoblins
  10 jackals
  5 quokkas
  6 frilled lizards
  2 jackal skeletons (D:3)
  10 kobolds
  2 quokka skeletons (D:3)
  A rat (D:3)
237 creatures vanquished.

Vanquished Creatures (others)
  A shadow imp (D:9)
  An orc (D:9)
  2 kobolds (D:9)
4 creatures vanquished.

Grand Total: 241 creatures vanquished

Notes
Turn   | Place    | Note
-------+----------+-------------------------------------------
     0 | D:1      | stipulation the Ghoul Monk began the quest for the Orb.
     0 | D:1      | Reached XP level 1. HP: 19/19 MP: 1/1
    79 | D:1      | Reached XP level 2. HP: 15/26 MP: 2/2
   167 | D:1      | Reached skill level 4 in Unarmed Combat
   475 | D:1      | Reached XP level 3. HP: 31/31 MP: 3/3
  1116 | D:2      | Reached skill level 5 in Unarmed Combat
  1707 | D:3      | Reached XP level 4. HP: 32/38 MP: 4/4
  1876 | D:3      | Reached skill level 6 in Unarmed Combat
  1923 | D:3      | Reached XP level 5. HP: 38/45 MP: 5/5
  2275 | D:3      | Found a faded altar of an unknown god.
  2679 | D:4      | Found a stormy altar of Qazlal.
  2697 | D:4      | Noticed a centaur
  2706 | D:4      | Killed a centaur
  2707 | D:4      | Reached skill level 7 in Unarmed Combat
  2707 | D:4      | Reached XP level 6. HP: 42/51 MP: 6/6
  3114 | D:4      | Found a staircase to the Ecumenical Temple.
  3360 | D:5      | Entered Level 5 of the Dungeon
  3385 | D:5      | Reached skill level 8 in Unarmed Combat
  3393 | D:5      | Noticed a black bear
  3401 | D:5      | Killed a black bear
  3402 | D:5      | Reached XP level 7. HP: 40/57 MP: 7/7
  3726 | D:5      | Reached skill level 9 in Unarmed Combat
  3752 | D:5      | Found a shadowy altar of Dithmenos.
  3904 | D:5      | Noticed a steam dragon
  3905 | D:5      | Noticed a steam dragon
  4598 | D:5      | Killed a steam dragon
  4599 | D:5      | Reached skill level 10 in Unarmed Combat
  4728 | D:6      | Reached XP level 8. HP: 18/63 MP: 8/8
  4926 | D:6      | HP: 3/63 [ogre/+0 giant club (16)]
  5324 | D:6      | Reached skill level 11 in Unarmed Combat
  5755 | D:7      | Reached skill level 12 in Unarmed Combat
  5902 | D:7      | Reached XP level 9. HP: 70/70 MP: 9/9
  6230 | D:7      | Reached skill level 13 in Unarmed Combat
  6325 | D:7      | Found a snail-covered altar of Cheibriados.
  6706 | D:7      | Reached skill level 14 in Unarmed Combat
  7331 | Temple   | Entered the Ecumenical Temple
  7402 | Temple   | Became a worshipper of the Wu Jian Council
  7402 | Temple   | Reached * piety under Wu Jian
  7402 | Temple   | Reached ** piety under Wu Jian
  7842 | D:8      | Identified 2 scrolls of acquirement
  8902 | D:9      | Reached skill level 15 in Unarmed Combat
  8973 | D:9      | Reached XP level 10. HP: 77/77 MP: 10/10
  9103 | D:9      | Reached skill level 16 in Unarmed Combat
  9422 | D:9      | Found a shimmering blue altar of Sif Muna.
  9422 | D:9      | Found an ancient bone altar of Kikubaaqudgha.
  9553 | D:9      | Noticed a deep elf pyromancer
  9554 | D:9      | Noticed a deep elf zephyrmancer
  9561 | D:9      | Killed a deep elf pyromancer
  9562 | D:9      | Reached skill level 17 in Unarmed Combat
  9562 | D:9      | Reached *** piety under Wu Jian
  9562 | D:9      | Killed a deep elf zephyrmancer
  9625 | D:9      | Found the +2 hat of the Bear Spirit {Spirit, Bear, *Rage
                  | Will++}
  9628 | D:9      | Identified the +0 hat of Ysen {Harm Rampage *Corrode rC+++}
 10026 | D:10     | Entered Level 10 of the Dungeon
 10045 | D:10     | Found a flagged portal.
 10045 | D:10     | Noticed a boulder beetle
 10055 | Bailey   | Entered a bailey
 10130 | Bailey   | Noticed an orc knight
 10218 | Bailey   | Noticed an orc knight
 10218 | Bailey   | Noticed an orc knight
 10229 | Bailey   | Killed an orc knight
 10230 | Bailey   | Reached XP level 11. HP: 43/82 MP: 11/11
 10239 | Bailey   | Killed an orc knight
 10240 | Bailey   | Noticed an orc knight
 10253 | Bailey   | HP: 1/82 [orc warrior/+0 glaive (23)]
 10253 | Bailey   | Mangled by an orc knight

Illustrated notes

Levels and vault maps discovered:
D:1:      psy_arrival_statuary, layout_loops_ring
D:2:      layout_basic
D:3:      layout_basic, serial_undead, serial_undead_d, serial_undead_e,
          serial_undead_d, serial_undead_a, serial_undead_c, serial_undead_c,
          serial_undead_c, hellmonk_ecumenical_altar_lost_god,
          serial_bayou_lagoon_b
D:4:      layout_basic, mainiacjoe_overflow_six_doors_small,
          minmay_temple_entry_stoned_glass
D:5:      kennysheep_steamy, layout_basic, grunt_dithmenos_shadows
D:6:      layout_cave_pools
D:7:      layout_layer_cave, mainiacjoe_overflow_24_doors,
          hangedman_decor_points, corexii_hall_statues_x,
          minmay_a_box_with_orc_wizards_in_it
D:8:      layout_layer_cave
D:9:      layout_roguey, nicolae_overflow_two_pavilions, hangedman_minor_magic
D:10:     layout_irregular_city, serial_glass, glass_columns_a, glass_columns_b,
          enter_bailey_3, nzn_sisyphean_effort
Temple:   minmay_temple_bridge_d
Bailey:   bailey_polearm_1, bailey

Skill      XL: |  1  2  3  4  5  6  7  8  9 10 |
---------------+-------------------------------+-----
Unarmed Combat | 4 5 6 7 8 10 12 15 17 | 17.8
Armour         | 2 |  2.7
Fighting       | |  3.2
Dodging        | |  2.6

Action                     |  1- 3 |  4- 6 |  7- 9 | 10-12 || total
---------------------------+-------+-------+-------+-------++-------
  Melee: Unarmed           |   122 |   167 |   307 |   201 ||   797
  Throw: Throwing net      |       |       |       |     1 ||     1
 Invoke: Serpent's Lash    |       |       |       |     2 ||     2
Ability: Whirlwind         |       |       |     4 |    15 ||    19
         Lunge             |       |       |     2 |    24 ||    26
         Wall Jump         |       |       |       |     3 ||     3
    Use: Scroll            |       |     3 |     7 |       ||    10
         Potion            |       |       |     1 |     1 ||     2
 Armour: Robe              |    54 |       |       |       ||    54
         Ring mail         |    32 |    92 |       |       ||   124
         Chain mail        |       |    12 |   300 |   139 ||   451
  Dodge: Dodged            |   103 |    96 |   104 |    46 ||   349
